 Dungeon Crawl Stone Soup version 0.30.1 (webtiles) character file.

Game seed: 16278901661871724914

21 H0rd4k the Charlatan (level 2, 0/18 HPs)
             Began as an Octopode Artificer on July 5, 2023.
             Slain by a jackal (3 damage)
             ... on level 2 of the Dungeon.
             The game lasted 00:00:32 (1194 turns).

H0rd4k the Charlatan (Octopode Artificer)           Turns: 1194, Time: 00:00:33

Health: 0/18       AC:  1    Str: 11    XL:     2   Next: 83%
Magic:  2/2        EV: 13    Int: 13    God:
Gold:   72         SH:  0    Dex: 12    Spells: 1/1 levels left

rFire   . . .        (no weapon)
rCold   . . .        (no shield)
rNeg    . . .        (helmet restricted)
rPois   .            (no amulet)
rElec   .            (no ring)
rCorr   .            (no ring)
SInv    .            (no ring)
Will    .....        (no ring)
Stlth   +++          (no ring)
HPRegen 0.23/turn    (no ring)
MPRegen 0.08/turn    (no ring)
                     (no ring)

%: no passive effects
@: no status effects
A: almost no armour, amphibious, 8 rings, camouflage 1, gelatinous body 1,
(nimble swimmer 1), tentacles
a: no special abilities


You were on level 2 of the Dungeon.
You visited 1 branch of the dungeon, and saw 2 of its levels.

You collected 72 gold pieces.

Inventory:

Jewellery
 m - a +6 ring of dexterity
Wands
 b - a wand of flame (15) (quivered)
 c - a wand of charming (15)
 d - a wand of iceblast (5)
Scrolls
 f - a scroll of torment {unknown}
 g - 3 scrolls of identify {unknown}
 h - a scroll of enchant armour {unknown}
 i - a scroll of blinking {unknown}
 j - 2 scrolls of enchant weapon {unknown}
 l - a scroll of vulnerability {unknown}
Potions
 a - 2 potions of might {unknown}
 e - 2 potions of curing {unknown}
 k - a potion of brilliance {unknown}


   Skills:
 + Level 1.0 Fighting
 + Level 3.0 Dodging
 + Level 2.4 Stealth
 + Level 0.1 Unarmed Combat
 + Level 3.4 Evocations


You had one spell level left.
You didn't know any spells.
Your spell library was empty.

Dungeon Overview and Level Annotations

Branches:
Dungeon (2/15)

Altars:


Innate Abilities, Weirdness & Mutations

You cannot wear most types of armour.
You are amphibious.
You can wear up to eight rings at the same time.
Your skin changes colour to match your surroundings (Stealth+).
Your rubbery body absorbs attacks. (AC +1, EV +1)
((You are camouflaged when in or above water. (Stealth+)))
You have tentacles for arms and can constrict up to eight enemies at once.


Message History

The worm is almost dead.
You constrict the worm. The worm closely misses you.
You tentacle-slap the worm.
You kill the worm!
Your Dodging skill increases to level 3!
No target in view!
A jackal comes into view.
A jackal is nearby!
Found an escape hatch in the floor.
A jackal is nearby!
A jackal comes into view.
There are monsters nearby!
The jackal barks! x2
The jackal bites you. x2
You tentacle-slap the jackal but do no damage.
You grab the jackal. You squeeze the jackal.
The jackal is heavily wounded.
You constrict the jackal, but do no damage.
The jackal closely misses you.
You tentacle-slap the jackal but do no damage.
The jackal is heavily wounded.
You constrict the jackal.
The jackal bites you but does no damage.
You tentacle-slap the jackal but do no damage.
The jackal is heavily wounded.
You constrict the jackal, but do no damage.
The jackal closely misses you. The jackal bites you.
The jackal bites you but does no damage.
The jackal barely misses you.
You release your grip on the jackal.
The jackal closely misses you. The jackal bites you.
The jackal attacks as you move away!
The jackal bites you but does no damage.
The jackal attacks as you move away! The jackal bites you.
The jackal attacks as you move away! The jackal closely misses you.
The jackal attacks as you move away! The jackal misses you.
The jackal attacks as you move away! The jackal bites you.
* * * LOW HITPOINT WARNING * * *
The jackal closely misses you. The jackal bites you.
You die...

####.. #.# #..####.#
......# #.# #..# #.#
#.....###.#
######..####.#
#..........
.............#
.#......##.#
#######.######
.........#.# #.#
.........#.## #.#
..>........h########.#
..#...##...h@....!...#
. #... ##...##########
#... ##.## ### ###


You could see 2 jackals.

Vanquished Creatures
  A worm (D:2)
  3 bats (D:1)
  An endoplasm (D:1)
  2 hobgoblins
  A quokka (D:2)
  2 ball pythons (D:2)
  3 goblins
  A kobold (D:1)
  4 rats
18 creatures vanquished.

Notes
Turn   | Place    | Note
-------+----------+-------------------------------------------
     0 | D:1      | H0rd4k the Octopode Artificer began the quest for the Orb.
     0 | D:1      | Reached XP level 1. HP: 13/13 MP: 1/1
   501 | D:1      | Reached XP level 2. HP: 18/18 MP: 2/2
  1025 | D:2      | Found a faded altar of an unknown god.
  1194 | D:2      | Slain by a jackal

Illustrated notes

Levels and vault maps discovered:
D:1:      minmay_arrival_cross, layout_basic
D:2:      layout_loops_ring, nicolae_ecumenical_lake_church

Skill      XL: |  1  2 |
---------------+-------+-----
Stealth        | 2 |  2.4
Dodging        | 3 |  3.0
Fighting       | |  1.0
Unarmed Combat | |  0.1
Evocations     | |  3.4

Action                     || total
---------------------------++-------
  Melee: Unarmed           ||    52
         Constrict         ||    16
         Tentacles         ||     8
   Stab: Sleeping          ||     9
 Armour: Skin              ||     8
  Dodge: Dodged            ||    31
